 Dungeon Crawl Stone Soup version 0.29-a0-472-ge5599a681e (webtiles) character file.

Game seed: 3428431679389390149

154 greenreed the Poker (level 5, -9/47 HPs)
             Began as a Hill Orc Monk on May 22, 2022.
             Mangled by an ogre
             ... wielding a +0 giant spiked club
              (12 damage)
             ... on level 3 of the Dungeon.
             The game lasted 00:09:06 (3319 turns).

greenreed the Poker (Hill Orc Monk)                 Turns: 3319, Time: 00:09:07

Health: -9/47      AC:  7    Str: 16    XL:     5   Next: 35%
Magic:  5/5        EV: 10    Int: 10    God:
Gold:   110        SH:  0    Dex: 13    Spells: 4/4 levels left

rFire   . . .      SeeInvis .   a - +0 spear
rCold   . . .      Faith    .   (no shield)
rNeg    . . .      Spirit   .   i - +0 scale mail
rPois   .          Reflect  .   (no helmet)
rElec   .          Harm     .   (no cloak)
rCorr   .          Rampage  .   f - +0 pair of gloves
Will    .....                   (no boots)
Stlth   +.........              p - amulet of regeneration
HPRegen 0.95/turn               (no ring)
MPRegen 0.09/turn               (no ring)

@: no status effects
A: no striking features
a: no special abilities


You were on level 3 of the Dungeon.
You visited 1 branch of the dungeon, and saw 3 of its levels.

You collected 110 gold pieces.

Inventory:

Hand Weapons
 a - a +0 spear (weapon)
Missiles
 n - 5 curare-tipped darts (quivered)
Armour
 b - a +0 robe
 f - a +0 pair of gloves (worn)
 i - a +0 scale mail (worn)
Jewellery
 g - an amulet of the acrobat
 p - an amulet of regeneration (around neck)
Wands
 m - a wand of polymorph (10)
Scrolls
 d - a scroll of poison {unknown}
 h - a scroll of enchant weapon {unknown}
 k - a scroll of enchant armour {unknown}
 l - a scroll of blinking {unknown}
 o - a scroll of vulnerability {unknown}
Potions
 c - a potion of ambrosia
 e - a potion of curing {unknown}
 j - a potion of flight {unknown}
 q - a potion of might {unknown}


   Skills:
 + Level 4.3 Fighting
 + Level 4.9 Polearms
 + Level 1.5 Armour
 + Level 3.0 Dodging
 + Level 2.1 Stealth


You had 4 spell levels left.
You didn't know any spells.
Your spell library contained the following spells:

 Spells                   Type           Power      Damage    Failure   Level
 Static Discharge         Conj/Air       0%         N/A       91%         2
 Lightning Bolt           Conj/Air       0%         1d11      100%        5
 Maxwell's Capacitive Co  Air            0%         ∞         100%        8


Dungeon Overview and Level Annotations

Branches:
Dungeon (3/15)

Altars:


Message History

There is a stone staircase leading down here.
You climb downwards.
There is a stone staircase leading up here.
n - 6 curare-tipped darts (gained 1)
A worm comes into view.
The ogre shouts!
You hit the worm.
The worm is lightly wounded.
The worm bites you!
You barely miss the worm. The ogre closely misses you.
You hit the worm but do no damage. The worm bites you.
You hit the worm.
The worm is lightly wounded.
The ogre barely misses you.
You hit the worm.
The worm is moderately wounded.
The worm bites you. The ogre misses you.
You hit the worm.
The worm is heavily wounded.
You hit the worm.
The worm is heavily wounded.
The worm bites you.
The ogre hits you with a +0 giant spiked club!!
Ouch! That really hurt!
* * * LOW HITPOINT WARNING * * *
Throw: 6 darts (curare)
Press: ? - help, Q - select action, (/) - cycle Shift-Dir - straight line, f - ogre
Aim: an ogre, wielding a +0 giant spiked club (74% to hit)
You throw a curare-tipped dart.
The curare-tipped dart barely misses the ogre.
The worm bites you!
* * * LOW HITPOINT WARNING * * *
You hit the worm.
The worm is heavily wounded.
The ogre closely misses you.
You hit the worm.
The worm is heavily wounded.
The worm closely misses you.
The ogre hits you with a +0 giant spiked club!
You die...

#..#####.. ######
..w..... #....#
#.#.... #.<..#
.....# . #....#
#....# ..
#.......g.#
#....##..(
###....######
####........
######......#
######......#....
.<.O...#....#
#.@w...##...# .
###....#....#
#O#######...#
...##......###.#
#.....# #####
#.........#
#####....
####.<.#### .○..
##....# ☼.°
....#..... .
#.######### #.


You could see an ogre and a worm.

Vanquished Creatures
  An adder (D:2)
  5 gnolls (D:2)
  An adder zombie (D:2)
  A worm (D:2)
  4 dart slugs
  6 ball pythons
  A bat skeleton (D:2)
  8 endoplasms
  12 giant cockroaches
  4 goblins
  4 hobgoblins
  5 jackals (D:1)
  4 kobolds
  3 quokkas
  A ball python skeleton (D:2)
  A ball python zombie (D:2)
  5 bats (D:2)
  5 frilled lizards
  A quokka skeleton (D:2)
  4 rats
76 creatures vanquished.

Vanquished Creatures (others)
  An orc (D:3)
1 creature vanquished.

Grand Total: 77 creatures vanquished

Notes
Turn   | Place    | Note
-------+----------+-------------------------------------------
     0 | D:1      | greenreed the Hill Orc Monk began the quest for the Orb.
     0 | D:1      | Reached XP level 1. HP: 19/19 MP: 1/1
     1 | D:1      | Found a runed translucent door.
   540 | D:1      | Reached XP level 2. HP: 25/27 MP: 2/2
   997 | D:1      | Reached XP level 3. HP: 33/33 MP: 3/3
  1796 | D:1      | Reached XP level 4. HP: 40/40 MP: 4/4
  2306 | D:2      | Reached skill level 1 in Armour
  2616 | D:2      | Reached XP level 5. HP: 46/47 MP: 5/5
  3133 | D:3      | Noticed an ogre
  3317 | D:3      | HP: 2/47 [worm (7)]
  3319 | D:3      | Mangled by an ogre

Illustrated notes

Levels and vault maps discovered:
D:1:      dpeg_arrival_caged_fury, layout_loops_ring, hex_tiny, st_stairs_3
D:2:      minmay_angry_zag, layout_rooms, serial_undead, serial_undead_a,
          serial_undead_b, serial_undead_a, serial_undead_f
D:3:      layout_rooms, general_overflow_altar, fiery_altar_vehumet,
          serial_corexii_hall, corexii_hall_statues_s, corexii_hall_statues_l

Skill      XL: |  1  2  3  4  5 |
---------------+----------------+-----
Fighting       | 4 |  4.3
Polearms       | 4 |  4.9
Stealth        | 2 |  2.1
Armour         | 1 |  1.5
Dodging        | 3 |  3.0

Action                   |  1- 3 |  4- 6 || total
-------------------------+-------+-------++-------
Melee: Spear             |   149 |   265 ||   414
       Punch             |     1 |     2 ||     3
Throw: Dart              |       |     2 ||     2
 Stab: Sleeping          |     6 |       ||     6
Armor: Robe              |    11 |       ||    11
       Scale mail        |    30 |    88 ||   118
Dodge: Dodged            |    75 |   110 ||   185

Table legend: (Time is in decaauts)
 A = Elapsed time spent in this place.
 B = Non-inter-level travel time spent in this place.
 C = Inter-level travel time spent in this place.
 D = Time resting spent in this place.
 E = Time spent auto-exploring this place.
 F = Levels seen in this place.
 G = Mean time per level.
                   A        B        C        D        E       F      G
               +--------+--------+--------+--------+--------+-----+--------+
         Total |   3277 |   3136 |    141 |      0 |   2418 |   3 | 1092.3 |
       Dungeon |   3277 |   3136 |    141 |      0 |   2418 |   3 | 1092.3 |
               +--------+--------+--------+--------+--------+-----+--------+

Top non-repeatable levels by time:
     D:1: 1722 daAuts
     D:2: 1455 daAuts
     D:3: 99 daAuts
